 Dungeon Crawl Stone Soup version 0.30-a0-1161-g0704695555 (webtiles) character file.

Game seed: 5061107027280953640

151050 themarg the Fighter (level 17, -9/116 HPs)
             Began as a Demonspawn Fire Elementalist on Apr 27, 2023.
             Was an Initiate of Gozag.
             Killed from afar by a will-o-the-wisp (17 damage)
             ... with a foxfire
             ... on level 3 of the Swamp on Apr 28, 2023.
             The game lasted 02:48:29 (49713 turns).

themarg the Fighter (Demonspawn Fire Elementalist) Turns: 49713, Time: 02:48:30

Health: -9/116     AC: 20    Str:  9      XL:     17   Next: 0%
Magic:  16/31      EV: 12    Int: 29      God:    Gozag
Gold:   6712       SH:  5    Dex: 12 (13) Spells: 15/36 levels left

rFire   . . .        H - +1 quick blade (flame)
rCold   . . .        f - +0 buckler {rN+}
rNeg    + . .        v - +2 troll leather armour
rPois   .            i - +2 helmet
rElec   .            P - +0 cloak
rCorr   .            (gloves unavailable)
SInv    .            n - +2 pair of boots {Stlth+}
Will    ++...        U - amulet of the acrobat
Stlth   +++          Z - ring of willpower
HPRegen 1.99/turn    O - +4 ring of protection
MPRegen 0.22/turn

%: acrobat
@: slightly contaminated, unable to drink
A: demonic guardian 3, big brain 2, demonic magic 1, demonic touch 3,
deterioration 1, frail 1, regeneration 1, inability to drink after injury 1,
MP-powered wands, noise suppression
a: Renounce Religion, Potion Petition, Call Merchant, Bribe Branch


You were on level 3 of the Swamp.
You worshipped Gozag.
Gozag was greatly pleased with you.
You visited 4 branches of the dungeon, and saw 26 of its levels.
You also visited: Sewer, Bailey, Gauntlet and Volcano.

You collected 10638 gold pieces.
You spent 1070 gold pieces at shops.
You paid 2856 gold pieces to Gozag.

Inventory:

Hand Weapons
 H - a +1 quick blade of flaming (weapon)
Missiles
 x - 35 poisoned darts (quivered)
 W - 8 curare-tipped darts
Armour
 f - a +0 buckler of positive energy (worn)
 i - a +2 helmet (worn)
 n - a +2 pair of boots of stealth (worn)
 v - a +2 troll leather armour (worn)
 P - a +0 cloak (worn)
Jewellery
 g - a ring of resist corrosion
 O - a +4 ring of protection (right hand)
 U - an amulet of the acrobat (around neck)
 V - a ring of wizardry
 X - a ring of see invisible
 Z - a ring of willpower (left hand)
Wands
 d - a wand of roots (15)
 p - a wand of light (2)
 B - a wand of flame (77)
 C - a wand of digging (10)
 J - a wand of charming (27)
 Q - a wand of polymorph (13)
Scrolls
 a - a scroll of amnesia
 c - 4 scrolls of magic mapping
 j - 4 scrolls of fear
 k - 4 scrolls of immolation
 l - 9 scrolls of enchant weapon
 m - a scroll of brand weapon
 o - 5 scrolls of vulnerability
 t - 3 scrolls of poison
 u - 10 scrolls of fog
 w - a scroll of blinking
 K - a scroll of torment
 M - 18 scrolls of teleportation
 T - a scroll of summoning
 Y - a scroll of silence
Potions
 b - 5 potions of magic
 e - a potion of cancellation
 h - 14 potions of heal wounds
 q - 5 potions of curing
 r - 5 potions of attraction
 s - 9 potions of haste
 y - a potion of resistance
 z - 6 potions of flight
 D - 2 potions of ambrosia
 E - 7 potions of might
 F - a potion of brilliance
 I - 2 potions of mutation
 L - 2 potions of berserk rage
 R - 2 potions of lignification
 S - 3 potions of invisibility
Miscellaneous
 A - a phial of floods (inert)
 G - a lightning rod (4/4)
 N - a tin of tremorstones (2/2)


   Skills:
 - Level 10.3 Fighting
 - Level 5.0 Short Blades
 - Level 2.0 Throwing
 - Level 10.0 Armour
 - Level 5.0 Dodging
 - Level 3.0 Stealth
 - Level 5.0 Shields
 - Level 10.0 Spellcasting
 - Level 10.0 Conjurations
 - Level 8.0 Necromancy
 - Level 3.0 Translocations
 - Level 6.0 Transmutations
 - Level 10.0 Fire Magic
 - Level 8.0 Ice Magic
 - Level 8.0 Air Magic
 - Level 8.0 Earth Magic
 - Level 3.0 Poison Magic
 + Level 7.3 Evocations


You had 15 spell levels left.
You knew the following spells:

 Your Spells              Type           Power      Damage    Failure   Level
a - Foxfire               Conj/Fire      100%       2x1d9     1%          1
b - Scorch                Fire           100%       2d9       1%          2
e - Mephitic Cloud        Conj/Pois/Air  53%        N/A       1%          3
f - Freezing Cloud        Conj/Ice/Air   29%        6-21      5%          5
g - Irradiate             Conj/Tmut      28%        3d21      7%          5
h - Borgnjor's Vile Clut  Necr/Erth      28%        N/A       7%          5

Your spell library contained the following spells:

 Spells                   Type           Power      Damage    Failure   Level
 Kiss of Death            Conj/Necr      100%       2d13      1%          1
 Magic Dart               Conj           100%       1d8       1%          1
 Sting                    Tmut/Pois      100%       1d8       1%          1
 Poisonous Vapours        Pois/Air       92%        N/A       1%          2
 Searing Ray              Conj           100%       2d8       1%          2
 Volatile Blastmotes      Fire/Tloc      100%       2d18      1%          3
 Flame Wave               Conj/Fire      64%        2d15      1%          4
 Sticky Flame             Conj/Fire      64%        2d8       1%          4
 Inner Flame              Hex/Fire       43%        N/A       2%          3
 Fulminant Prism          Conj/Hex       21%        3d12      9%          4
 Portal Projectile        Hex/Tloc       46%        N/A       11%         3
 Anguish                  Hex/Necr       18%        N/A       13%         4
 Leda's Liquefaction      Hex/Erth       18%        N/A       13%         4
 Blade Hands              Tmut           24%        N/A       16%         5
 Call Canine Familiar     Summ           14%        N/A       21%         3
 Olgreb's Toxic Radiance  Pois           31%        N/A       21%         4
 Alistair's Intoxication  Tmut/Pois      26%        N/A       30%         5
 Death Channel            Necr           28%        N/A       36%         6
 Cause Fear               Hex            7%         N/A       56%         4
 Summon Forest            Summ/Tloc      11%        N/A       71%         5
 Eringya's Noxious Bog    Tmut/Pois      20%        N/A       86%         6
 Summon Mana Viper        Hex/Summ       14%        N/A       88%         5
 Dragon Form              Tmut           24%        N/A       99%         7
 Summon Cactus Giant      Summ           7%         N/A       100%        6
 Enfeeble                 Hex            7%         N/A       100%        7
 Summon Hydra             Summ           7%         N/A       100%        7
 Infestation              Necr           28%        N/A       100%        8
 Dragon's Call            Summ           7%         N/A       100%        9
 Animate Dead             Necr           Unusable   N/A       N/A         4
 Simulacrum               Ice/Necr       Unusable   N/A       N/A         6

Dungeon Overview and Level Annotations

Branches:
Dungeon (15/15)            Temple (0/1) D:5            Lair (5/5) D:9
  Swamp (4/4) Lair:2       Spider (0/4) Lair:3        Slime (0/5) Lair:4
    Orc (2/2) D:9             Elf (0/3) Orc:2        Vaults (0/5) D:14
 Depths (0/4) D:15          Sewer (visited)          Bailey (visited)
Volcano (visited)         Gauntlet (visited)

Altars:
Gozag
Makhleb
Qazlal
Ru
Trog
Vehumet
Wu Jian
Xom
Jiyva

Shops:
D:7 (   D:10 *   D:11 (   Orc:1 :   Orc:2 ([([

Portals:
Hell: Lair:5

Annotations:
D:9 Erolcha
D:14 Rupert
D:15 4 transporters
Lair:5 1 exclusion
Swamp:3 Mara


Innate Abilities, Weirdness & Mutations

A powerful demonic guardian rushes to your aid.
You have an extremely huge brain. (Int +4)
Spells you cast may paralyse adjacent enemies.
Your touch may irresistibly damage your foes and sap their willpower.
Your body sometimes deteriorates upon taking damage.
You are frail. (-10% HP)
Your natural rate of healing is unusually fast.
You occasionally lose the ability to drink potions when taking damage.
You expend magic power (3 MP) to strengthen your wands.
You passively dampen the noise of your surroundings.


Message History

Mara hits you from afar with a +1 demon trident of pain!
You writhe in agony.
Mara hits you with a +1 demon trident of pain.
You writhe in agony.
The foxfire moves out of view.
A foxfire comes into view.
Blink to where?
Press: ? - help, Dir - move target A foxfire comes into view.
As you read the scroll of blinking, it crumbles to dust.
The foxfire hits you!!
You feel threatened and lose the ability to drink potions!
* * * LOW HITPOINT WARNING * * *
The foxfire hits you!
* * * LOW HITPOINT WARNING * * *
The will-o-the-wisp gestures.
The will-o-the-wisp conjures some foxfire!
Mara hits you with a +1 demon trident of pain.
* * * LOW HITPOINT WARNING * * *
Mara blinks!
Your reaper is engulfed in a cloud of scalding steam.
Your reaper hits the will-o-the-wisp from afar with a +0 vampiric scythe!!! 2 foxfires come into view.
The foxfire hits you!
* * * LOW HITPOINT WARNING * * *
The foxfire hits your reaper!! The will-o-the-wisp engulfs you!
* * * LOW HITPOINT WARNING * * *
Your reaper splashes around in the water.
You climb upwards.
Mara shimmers and vanishes! x2
There is a stone staircase leading down here.
Blink to where?
Press: ? - help, Dir - move target
As you read the scroll of blinking, it crumbles to dust.
The will-o-the-wisp gestures.
The will-o-the-wisp conjures some foxfire!
Mara gestures at you.
The bolt of fire misses you. 2 foxfires come into view.
The foxfire hits you!
You die...
Your body crumbles into a pile of gold.

♣~~.♣ ♣♣ ♣§~♣♣ ♣♣♣.
♣♣♣♣♣♣♣♣..~♣ ♣♣♣...
♣♣~~..~.~..~♣♣ ♣♣♣~....
♣♣..~~~~.~~.~~♣♣ ♣♣.~~..♣♣
♣♣....§~..~.).♣>♣ ♣♣~~♣~♣♣♣
♣♣♣..~♣....~~..).♣♣♣♣..~.~♣
♣.♣.♣~~~~.~~~§..~~~...~..~♣♣♣♣
♣♣..~.~♣~§~~~@..~~~~§.~..♣♣...
♣♣.~...~~~~~v~...~~~~.~......
♣♣..~~~~♣~~§v......~..≈≈).<.
♣~~♣.~~~...~§..♣♣~...≈≈≈≈≈≈
♣♣...♣~~~§Rv§.♣♣♣~~.≈≈≈≈≈≈≈
♣.~~~~~~~~>§♣♣ ♣♣..≈≈≈≈≈≈≈
♣♣~~§.~~.~.~♣♣ ♣...≈≈≈≈≈≈
♣.~.)..~~~..♣ ♣~~..≈≈≈≈≈
♣.~....~~~.♣♣ ♣♣♣♣.....≈≈≈


You could see a will-o-the-wisp.

Vanquished Creatures
  A tentacled monstrosity (Swamp:2)
  Gastronok (Lair:3)
  A fenstrider witch (Swamp:3)
  A fire giant (shapeshifter) (D:14)
  An orc warlord (Orc:2)
  3 eleionomae
  A minotaur (Gauntlet)
  3 bunyips
  A blizzard demon (Gauntlet)
  Josephine (D:14)
  3 vault guards (D:14)
  A yaktaur captain (D:14)
  23 hydras
  2 death knights (D:14)
  11 two-headed ogres
  6 centaur warriors
  11 death yaks
  2 ghost crabs
  Erica (Lair:2)
  3 alligators
  2 tengu warriors
  4 boulder beetles
  A spriggan berserker (Swamp:3)
  Sonja (Orc:2)
  Urug (D:11)
  Amaemon (Lair:1)
  4 skysharks
  2 deep elf knights
  A sixfirhy (Lair:5)
  A pharaoh ant (Lair:3)
  4 goliath frogs
  A deep elf archer (Volcano)
  2 bog bodies (Swamp:2)
  5 spriggan druids
  A swamp dragon (Swamp:1)
  Pikel (D:7)
  3 wizards
  4 orc knights
  2 necromancers
  A deep elf zephyrmancer (D:15)
  12 deep elf pyromancers
  4 orc sorcerers
  2 will-o-the-wisps
  An oklob plant (Lair:1)
  5 cyclopes
  3 manticores
  14 ugly things
  Maurice (D:9)
  A wolf spider (D:14)
  A centaur zombie (D:15)
  A black mamba (shapeshifter) (D:14)
  2 naga magi (D:15)
  A black mamba (Lair:5)
  A smoke demon (Lair:5)
  2 torpor snails
  Maggie (D:9)
  3 cane toads
  2 centaur skeletons (D:15)
  12 komodo dragons
  A gargoyle (D:11)
  4 orange demons
  Psyche (D:10)
  5 yaktaurs (D:14)
  3 kobold demonologists
  An unseen horror (D:12)
  2 efreet
  4 tengu conjurers
  3 rime drakes
  A redback zombie (D:15)
  2 freezing wraiths (D:14)
  2 red devils (Lair:5)
  3 trolls
  2 tyrant leeches (Swamp:2)
  3 polar bears (Lair:5)
  7 hornets
  A tarantella (Lair:3)
  9 blink frogs
  Grinder (D:4)
  14 dream sheep
  10 slime creatures
  2 jumping spiders (Lair:3)
  8 spriggans
  3 vampires
  2 water elementals (D:13)
  A wyvern (D:9)
  3 shadows
  46 yaks
  8 wraiths
  A golden eye (shapeshifter) (D:14)
  6 fire elementals (Volcano)
  A chaos spawn (Gauntlet)
  4 steam dragons
  A redback (Lair:3)
  17 vampire mosquitoes
  5 basilisks
  A neqoxec (Gauntlet)
  A harpy simulacrum (D:15)
  18 swamp worms
  3 acid dragons
  10 water moccasins
  4 wargs
  11 hell hounds
  2 ice beasts
  39 orc warriors
  2 black bears
  A sky beast (D:8)
  5 ogres
  9 wolves
  A boggart (D:14)
  A centaur (D:13)
  3 lemures (D:7)
  A kobold brigand (Sewer)
  7 bullfrogs
  A scorpion (D:6)
  8 wights (D:8)
  9 killer bees (D:9)
  9 electric eels
  A howler monkey (D:10)
  4 hounds
  2 jellies
  23 orc priests
  2 gnoll boudas
  2 sleepcaps
  Jessica (D:3)
  5 iguanas
  9 hell rats
  28 orc wizards
  3 yak simulacra (D:10)
  3 polar bear simulacra (D:10)
  2 wolf simulacra (D:10)
  22 gnolls
  5 river rats
  6 adders
  A shadow imp (D:8)
  A white imp (D:7)
  An ufetubus (D:6)
  A worm (D:3)
  2 dart slugs
  98 orcs
  7 ball pythons
  8 bats
  7 endoplasms
  A giant cockroach (D:4)
  14 goblins
  10 hobgoblins
  13 jackals
  6 quokkas
  3 frilled lizards
  12 kobolds
  18 rats
  3 river rat simulacra (D:10)
  A briar patch (Swamp:2)
846 creatures vanquished.

Vanquished Creatures (collateral kills)
  A thorn hunter (Swamp:2)
  A boulder beetle (D:14)
  4 skeletal warriors
  An orc knight (D:14)
  2 ugly things (D:12)
  A black mamba (Lair:5)
  2 komodo dragons
  A tengu conjurer (D:13)
  A slime creature (D:12)
  2 yaks (D:10)
  2 chaos spawn (Gauntlet)
  A wolf (Lair:2)
  11 foxfires
30 creatures vanquished.

Vanquished Creatures (others)
  A wizard (D:3)
  A bloated husk (Swamp:2)
  A demonic plant (D:11)
  792 foxfires
  25 fungi
  30 plants
850 creatures vanquished.

Grand Total: 1726 creatures vanquished

Notes
Turn   | Place    | Note
-------+----------+-------------------------------------------
     0 | D:1      | themarg the Demonspawn Fire Elementalist began the quest
                  | for the Orb.
     0 | D:1      | Reached XP level 1. HP: 13/13 MP: 3/3
   240 | D:1      | Gained mutation: Your touch may inflict minor irresistible
                  | damage on your foes. [demonic ancestry]
   240 | D:1      | Reached XP level 2. HP: 19/19 MP: 3/5
   246 | D:1      | Learned a level 2 spell: Scorch
   887 | D:1      | Gained mutation: Your touch may inflict irresistible damage
                  | on your foes. [demonic ancestry]
   887 | D:1      | Reached XP level 3. HP: 24/24 MP: 2/6
  1873 | D:2      | Found a faded altar of an unknown god.
  1885 | D:2      | Prayed at the altar of an unknown god.
  1885 | D:2      | Became a worshipper of Gozag Ym Sagoz the Greedy
  2395 | D:3      | Reached XP level 4. HP: 30/30 MP: 1/7
  2842 | D:3      | Reached skill level 5 in Fire Magic
  2997 | D:3      | Found a radiant altar of Vehumet.
  3011 | D:3      | Noticed Jessica
  3257 | D:3      | Reached XP level 5. HP: 35/35 MP: 3/8
  3592 | D:3      | Found a bloodstained altar of Trog.
  3593 | D:3      | Noticed a wizard
  3598 | D:3      | Killed a wizard
  3732 | D:3      | Killed Jessica
  3828 | D:4      | Found a glowing drain.
  3837 | D:4      | Gained mutation: You have an unusually large brain. (Int
                  | +2) [demonic ancestry]
  3837 | D:4      | Reached XP level 6. HP: 33/41 MP: 2/9
  3846 | Sewer    | Entered a sewer
  4283 | D:4      | Reached skill level 1 in Translocations
  4551 | D:4      | Noticed Grinder
  4551 | D:4      | Paralysed by Grinder for 3 turns
  4560 | D:4      | Killed Grinder
  4561 | D:4      | Reached XP level 7. HP: 46/46 MP: 0/13
  4705 | D:4      | Identified the +0 mace of Ruination {protect, Int+2}
  5306 | D:5      | Entered Level 5 of the Dungeon
  5460 | D:5      | Found a staircase to the Ecumenical Temple.
  5639 | D:5      | Reached skill level 5 in Spellcasting
  5832 | D:5      | Found a sacrificial altar of Ru.
  5855 | D:5      | Reached skill level 1 in Fighting
  6148 | D:5      | Learned a level 3 spell: Volatile Blastmotes
  6186 | D:6      | Noticed a cyclops
  6517 | D:6      | Reached XP level 8. HP: 41/58 MP: 8/15
  6725 | D:6      | Killed a cyclops
  6726 | D:6      | Reached skill level 5 in Fighting
  8099 | D:7      | Found a flagged portal.
  8155 | Bailey   | Entered a bailey
  8271 | Bailey   | Reached XP level 9. HP: 72/72 MP: 9/16
  8338 | Bailey   | Reached skill level 1 in Shields
  8844 | Bailey   | Acquired 925 gold pieces
  8866 | Bailey   | Identified the +2 leather armour of Springtime {rElec Str+7
                  | Int-4}
  8915 | Bailey   | Noticed a kobold demonologist
  8920 | Bailey   | Noticed a red devil
  8920 | Bailey   | Killed a kobold demonologist
  9064 | Bailey   | Reached skill level 5 in Shields
  9326 | Bailey   | Found an iron altar of Okawaru.
  9330 | Bailey   | Noticed a kobold demonologist
  9340 | Bailey   | Killed a kobold demonologist
  9659 | Bailey   | Reached skill level 10 in Fighting
  9659 | Bailey   | Gained mutation: You have an extremely huge brain. (Int +4)
                  | [demonic ancestry]
  9659 | Bailey   | Reached XP level 10. HP: 86/86 MP: 16/21
  9842 | D:7      | Found Riuwo's Weapon Shop.
 10176 | D:7      | Noticed Pikel
 10192 | D:7      | Killed Pikel
 10193 | D:7      | Reached skill level 1 in Throwing
 10193 | D:7      | Reached skill level 1 in Evocations
 10863 | D:8      | Gained mutation: A weak demonic guardian rushes to your
                  | aid. [demonic ancestry]
 10863 | D:8      | Reached XP level 11. HP: 92/92 MP: 8/22
 11540 | D:7      | Learned a level 4 spell: Flame Wave
 11839 | D:8      | Found a stormy altar of Qazlal.
 12045 | D:8      | Found an ornate altar of the Wu Jian Council.
 12297 | D:8      | Found an ornate altar of the Wu Jian Council.
 12376 | D:8      | Found a stormy altar of Qazlal.
 12521 | D:9      | Reached skill level 1 in Air Magic
 12723 | D:9      | Noticed a two-headed ogre
 12843 | D:9      | Noticed a two-headed ogre
 12850 | D:9      | Killed a two-headed ogre
 12851 | D:9      | Reached skill level 5 in Conjurations
 12899 | D:9      | Found a staircase to the Orcish Mines.
 13051 | D:9      | Killed a two-headed ogre
 13347 | D:9      | Found a staircase to the Lair.
 13696 | D:9      | Noticed Maggie
 13706 | D:9      | Killed Maggie
 13856 | D:9      | Noticed Erolcha
 13865 | D:9      | Noticed Maurice
 13871 | D:9      | Killed Maurice
 14139 | D:10     | Entered Level 10 of the Dungeon
 14751 | D:10     | Noticed Psyche
 14756 | D:10     | Killed Psyche
 14757 | D:10     | Reached skill level 10 in Fire Magic
 14982 | D:10     | Found Ceas's Assorted Antiques.
 14988 | D:10     | Bought a wand of roots (3) for 216 gold pieces
 14988 | D:10     | Bought 2 potions of heal wounds for 300 gold pieces
 15016 | D:10     | Noticed a necromancer
 15118 | D:10     | Killed a necromancer
 15998 | D:10     | Reached skill level 1 in Short Blades
 16115 | D:10     | Found Ceas's Assorted Antiques.
 16303 | D:10     | Learned a level 3 spell: Mephitic Cloud
 16416 | D:11     | Noticed Urug
 16429 | D:11     | Killed Urug
 16430 | D:11     | Reached skill level 1 in Poison Magic
 16430 | D:11     | Gained mutation: A demonic guardian rushes to your aid.
                  | [demonic ancestry]
 16430 | D:11     | Reached XP level 12. HP: 89/98 MP: 13/24
 16590 | D:11     | Noticed a two-headed ogre
 16614 | D:11     | Killed a two-headed ogre
 16679 | D:11     | Found Bagukips's Antique Weapon Shop.
 16679 | D:11     | Noticed a two-headed ogre
 16693 | D:11     | Killed a two-headed ogre
 16924 | D:11     | Noticed a two-headed ogre
 16931 | D:11     | Noticed a two-headed ogre
 17137 | D:11     | Noticed a boulder beetle
 17153 | D:11     | Killed a boulder beetle
 17717 | D:11     | Reached skill level 5 in Short Blades
 17778 | D:11     | Noticed a two-headed ogre
 17834 | D:11     | Killed a two-headed ogre
 17835 | D:11     | Reached skill level 1 in Ice Magic
 18105 | D:11     | Noticed a two-headed ogre
 18112 | D:11     | Killed a two-headed ogre
 18160 | D:11     | Noticed a boulder beetle
 18371 | D:11     | Killed a two-headed ogre
 18525 | D:11     | Got the Compilation of Stolen Souls
 18552 | D:11     | Killed a boulder beetle
 18553 | D:11     | Reached skill level 5 in Ice Magic
 18716 | D:11     | Killed a two-headed ogre
 19387 | D:11     | Found Bagukips's Antique Weapon Shop.
 19772 | D:11     | Learned a level 5 spell: Freezing Cloud
 19851 | Lair:1   | Entered Level 1 of the Lair of Beasts
 19990 | Lair:1   | Noticed Amaemon
 20060 | Lair:1   | Found a gate leading to a gauntlet.
 20068 | Gauntlet | Entered a Gauntlet
 20068 | Gauntlet | Found a transporter.
 20068 | Gauntlet | Found a transporter.
 20068 | Gauntlet | Found a transporter.
 20089 | Gauntlet | Found a transporter.
 20102 | Gauntlet | Found a transporter.
 20104 | Gauntlet | Found a transporter.
 20104 | Gauntlet | Noticed a green death
 20112 | Gauntlet | Found a transporter.
 20130 | Gauntlet | Found a runed translucent door.
 20131 | Gauntlet | Found a transporter.
 20132 | Gauntlet | Found a runed translucent door.
 20133 | Gauntlet | Noticed a blizzard demon
 20145 | Gauntlet | Found a transporter.
 20148 | Gauntlet | Found a transporter.
 20158 | Gauntlet | Found a transporter.
 20159 | Gauntlet | Found a transporter.
 20424 | Gauntlet | Gained mutation: You sometimes lose your temper in combat.
                  | [a neqoxec]
 20632 | Gauntlet | Lost mutation: You sometimes lose your temper in combat.
                  | [potion of mutation]
 20632 | Gauntlet | Gained mutation: You expend magic power (3 MP) to
                  | strengthen your wands. [potion of mutation]
 20632 | Gauntlet | Gained mutation: Your natural rate of healing is unusually
                  | fast. [potion of mutation]
 20632 | Gauntlet | Gained mutation: Your body sometimes deteriorates upon
                  | taking damage. [potion of mutation]
 20632 | Gauntlet | Gained mutation: You passively dampen the noise of your
                  | surroundings. [potion of mutation]
 20808 | Gauntlet | Killed a blizzard demon
 20942 | Gauntlet | Noticed a minotaur
 20965 | Gauntlet | Killed a minotaur
 20966 | Gauntlet | Reached skill level 5 in Air Magic
 21376 | Lair:1   | Noticed a death yak
 21377 | Lair:1   | Noticed a death yak
 21483 | Lair:1   | Killed Amaemon
 21692 | Lair:1   | Gained mutation: Your touch may irresistibly damage your
                  | foes and sap their willpower. [demonic ancestry]
 21692 | Lair:1   | Reached XP level 13. HP: 104/104 MP: 15/25
 23297 | Lair:2   | Found a staircase to the Swamp.
 23523 | Lair:2   | Reached skill level 5 in Dodging
 23904 | Lair:2   | Noticed Erica
 23920 | Lair:2   | Killed Erica
 24597 | Lair:3   | Noticed Gastronok
 24607 | Lair:3   | Killed Gastronok
 24697 | Lair:3   | Found a shimmering altar of Xom.
 24965 | Lair:3   | Found a hole to the Spider Nest.
 26230 | Lair:3   | Learned a level 5 spell: Irradiate
 26372 | Lair:4   | Reached skill level 5 in Transmutations
 27526 | Lair:4   | Found a viscous altar of Jiyva.
 27526 | Lair:4   | Found a staircase to the Slime Pits.
 27943 | Lair:5   | Entered Level 5 of the Lair of Beasts
 28754 | Lair:5   | Gained mutation: Spells you cast may paralyse adjacent
                  | enemies. [demonic ancestry]
 28754 | Lair:5   | Reached XP level 14. HP: 109/109 MP: 2/27
 29608 | Lair:5   | Reached skill level 10 in Spellcasting
 30957 | Lair:5   | Reached skill level 1 in Necromancy
 30957 | Lair:5   | Reached skill level 1 in Earth Magic
 31134 | Lair:5   | Found a burning altar of Makhleb.
 31633 | Lair:5   | Found a gateway to Hell.
 32309 | D:10     | Upgraded the game from 0.30-a0-1160-g6e42c06551 to
                  | 0.30-a0-1161-g0704695555
 32395 | Orc:1    | Entered Level 1 of the Orcish Mines
 32397 | Orc:1    | Found Boaxka's Vocational Training.
 32461 | Orc:1    | Found a dark tunnel.
 32609 | Volcano  | Entered a volcano
 33050 | Orc:1    | Found Utemorho's Magic Scroll Shoppe.
 33061 | Orc:1    | You fall into a shaft and drop 1 floor!
 33061 | Orc:2    | Entered Level 2 of the Orcish Mines
 33068 | Orc:2    | Found a staircase to the Elven Halls.
 33182 | Orc:2    | Noticed Sonja
 33210 | Orc:2    | Killed Sonja
 33412 | Orc:1    | Bought a scroll of teleportation for 45 gold pieces
 33412 | Orc:1    | Bought a scroll of blinking for 112 gold pieces
 33412 | Orc:1    | Bought a scroll of fog for 60 gold pieces
 33412 | Orc:1    | Bought a scroll of magic mapping for 112 gold pieces
 33412 | Orc:1    | Bought a scroll of teleportation for 45 gold pieces
 33412 | Orc:1    | Bought a scroll of fear for 60 gold pieces
 33413 | Orc:1    | Bought a scroll of identify for 30 gold pieces
 33413 | Orc:1    | Bought a scroll of identify for 30 gold pieces
 33413 | Orc:1    | Bought a scroll of identify for 30 gold pieces
 33413 | Orc:1    | Bought a scroll of identify for 30 gold pieces
 34477 | Orc:2    | Found Majuil's Antique Weapon Shop.
 34684 | Orc:2    | Noticed an orc warlord
 34714 | Orc:2    | Killed an orc warlord
 35100 | Orc:2    | Gained mutation: A powerful demonic guardian rushes to your
                  | aid. [demonic ancestry]
 35100 | Orc:2    | Reached XP level 15. HP: 116/116 MP: 10/29
 35268 | Orc:2    | Found Rafys's Antique Armour Shop.
 35272 | Orc:2    | Found Ziopaf's Antique Weapon Boutique.
 35342 | Orc:2    | Found Pesomiall's Armour Boutique.
 36628 | D:12     | Reached skill level 10 in Conjurations
 38731 | D:13     | Reached skill level 5 in Evocations
 39129 | D:13     | Reached skill level 5 in Necromancy
 39346 | D:13     | Learned a level 5 spell: Borgnjor's Vile Clutch
 39907 | D:14     | Reached skill level 5 in Earth Magic
 40340 | D:14     | HP: 5/116 [cloud of freezing vapour (29)]
 40487 | D:14     | Noticed Josephine
 40501 | D:14     | Killed Josephine
 41291 | D:14     | Noticed Rupert
 41346 | D:14     | Noticed a quicksilver dragon
 41347 | D:14     | a quicksilver dragon changed into a fire giant
 41347 | D:14     | Noticed a fire giant (shapeshifter)
 41373 | D:14     | Killed a fire giant
 42065 | D:14     | Found a gate to the Vaults.
 42080 | D:14     | Reached skill level 1 in Armour
 42307 | D:14     | Reached XP level 16. HP: 123/123 MP: 24/30
 42339 | D:14     | Identified the +5 short sword of Deformation {heavy, rPois}
 42729 | D:15     | Entered Level 15 of the Dungeon
 42983 | D:15     | Found a transporter.
 42983 | D:15     | Found a transporter.
 42985 | D:15     | Found a transporter.
 43066 | D:15     | Found a transporter.
 43628 | D:15     | Reached skill level 5 in Armour
 43648 | D:15     | Found a staircase to the Depths.
 44650 | Swamp:1  | Entered Level 1 of the Swamp
 46967 | Swamp:2  | Identified the +7 quarterstaff "Newtbane" {vamp, rElec
                  | Stlth+}
 47005 | Swamp:2  | Noticed a tentacled monstrosity
 47021 | Swamp:2  | Killed a tentacled monstrosity
 47889 | Swamp:2  | Noticed a thorn hunter
 47907 | Swamp:2  | Killed a thorn hunter
 47909 | Swamp:2  | Gained mutation: You are frail. (-10% HP) [mutagenic glow]
 47921 | Swamp:2  | Gained mutation: You occasionally lose the ability to drink
                  | potions when taking damage. [mutagenic glow]
 49021 | Swamp:3  | Reached skill level 10 in Armour
 49698 | Swamp:4  | Entered Level 4 of the Swamp
 49698 | Swamp:4  | Noticed Mara
 49705 | Swamp:4  | Reached XP level 17. HP: 88/116 MP: 23/31
 49710 | Swamp:4  | HP: 1/116 [will-o-the-wisp (7)]
 49713 | Swamp:3  | Killed from afar by a will-o-the-wisp

Illustrated notes

Levels and vault maps discovered:
D:1:      sevenhm_arrival_forest_fort_small_4, layout_basic,
          nicolae_concentric_dashed_squares_mild, minmay_tromino_i4
D:2:      layout_loops_cross, ebering_ecumenical_altar_rust
D:3:      layout_loops_ring, mainiacjoe_overflow_cross_hatched, trog_wizard,
          minmay_fractal_squares_5, uniq_jessica
D:4:      layout_loops_ring, tso_altar, portal_sewer_entry_b, uniq_grinder
D:5:      layout_basic, nicolae_ru_sacrificial_ziggurat,
          minmay_temple_entry_sparse_star
D:6:      layout_basic
D:7:      layout_basic, enter_bailey_5, serial_shops, nicolae_take_the_stairs,
          minmay_misc_feat_chi, uniq_pikel
D:8:      layout_basic, kennysheep_mini, grunt_qazlal_sundering
D:9:      layout_gridville, lair_entry_dummy, erik_orc_4, amethyst_killhole,
          nicolae_benzene_ring, kennysheep_big_empty_room,
          kennysheep_another_room, uniq_erolcha, uniq_maggie, uniq_maurice
D:10:     layout_irregular_city, serial_shops, shop, eino_house_with_fridge,
          uniq_psyche
D:11:     layout_loops_corners, serial_shops,
          nicolae_shop_temple_entry_statues_fountains,
          dreamdust_princess_corridor, minmay_joined_circles, uniq_urug
D:12:     layout_irregular_city, grunt_ministairs_9
D:13:     layout_stronghold, serial_bayou, serial_bayou_pond_d,
          serial_bayou_lagoon_b, serial_bayou_pond_d, serial_bayou_shore_b
D:14:     layout_rooms, grunt_vaults_entry_fortified, grunt_decor_arrowhead,
          nicolae_kite_square_tiling_tiny, grunt_ministairs_13,
          minmay_the_grid_2x2 [minmay_the_grid_outer_diamond,
          minmay_the_grid_square_x, minmay_the_grid_armoury,
          minmay_the_grid_prize_four_corners], uniq_josephine, uniq_rupert
D:15:     grunt_enter_depths_magical_seal, layout_basic, nicolae_diode_quadrants
Lair:1:   layout_layer_cave, gauntlet_entry_generic, uniq_amaemon
Lair:2:   layout_cave_pods, swamp_mist_pool, lemuel_fruit_fields, uniq_erica
Lair:3:   layout_cave_pods, nicolae_spider_entry_lesser_pyramids, basic_altar,
          kennysheep_abandoned_house, grunt_megastairs_5, lemuel_fruit_tree,
          uniq_gastronok
Lair:4:   layout_loops_ring, slime_entry_1
Lair:5:   evil_forest, layout_cave_pods, infiniplex_staircase_pool_2,
          grunt_megastairs_2
Swamp:1:  layout_falls_marsh, evilmike_swamp_ruin_rubble_2, swamp_pool1
Swamp:2:  layout_basic_swamp, nicolae_swamp_feature_on_the_river_bank,
          swamp_pool3, nicolae_swamp_baby_hydras
Swamp:3:  cheibrodos_swamp_heart_of_darkness, layout_falls_marsh,
          infiniplex_staircase_pool, swamp_pool1
Swamp:4:  nzn_swamp_witches_coven, layout_basic_swamp, uniq_mara
Orc:1:    layout_caves, enter_volcano_3, serial_shops,
          nicolae_shop_hallway_plus, nicolae_shop_vocational
Orc:2:    grunt_orc_community_town_hall, layout_caves,
          grunt_orc_community_big_house_1, grunt_orc_community_big_house_2,
          grunt_orc_community_house_3, grunt_orc_community_house_3,
          grunt_orc_community_house_3, grunt_orc_community_house_2,
          grunt_orc_community_house_3, grunt_orc_community_house_2, basic_altar,
          uniq_sonja

Skill      XL: |  1  2  3  4  5  6  7  8  9 10 11 12 13 14 15 16 |
---------------+-------------------------------------------------+-----
Stealth        | 2 3 |  3.0
Fire Magic     | 3 4 5 6 8 10 | 10.0
Spellcasting   | 4 5 7 8 9 10 | 10.0
Translocations | 2 3 |  3.0
Fighting       | 3 7 10 | 10.3
Dodging        | 3 5 |  5.0
Conjurations   | 2 3 6 9 10 | 10.0
Shields        | 5 |  5.0
Throwing       | 2 |  2.0
Evocations     | 2 3 7 |  7.3
Air Magic      | 3 5 8 |  8.0
Short Blades   | 2 5 |  5.0
Poison Magic   | 1 3 |  3.0
Ice Magic      | 6 8 |  8.0
Transmutations | 6 |  6.0
Necromancy     | 2 7 8 |  8.0
Earth Magic    | 2 7 8 |  8.0
Armour         | 1 10 | 10.0

Action                     |  1- 3 |  4- 6 |  7- 9 | 10-12 | 13-15 | 16-18 || total
---------------------------+-------+-------+-------+-------+-------+-------++-------
  Melee: Unarmed           |    12 |       |       |       |       |       ||    12
         Short sword       |    27 |       |    31 |    79 |   118 |       ||   255
         Punch             |     1 |       |       |       |       |       ||     1
         Touch             |     3 |     4 |     6 |       |       |       ||    13
         Dagger            |     4 |    20 |     2 |       |       |       ||    26
         Quick blade       |       |       |       |       |   172 |    77 ||   249
  Throw: Dart              |       |       |       |     8 |       |       ||     8
   Cast: Foxfire           |    42 |    24 |    95 |   145 |   140 |    10 ||   456
         Scorch            |    31 |    42 |   106 |   225 |   420 |   124 ||   948
         Volatile Blastmot |       |       |    18 |    47 |     8 |       ||    73
         Flame Wave        |       |       |       |     9 |     4 |       ||    13
         Mephitic Cloud    |       |       |       |    18 |     4 |       ||    22
         Freezing Cloud    |       |       |       |     4 |   208 |    78 ||   290
         Irradiate         |       |       |       |       |    38 |    45 ||    83
         Borgnjor's Vile C |       |       |       |       |     3 |     3 ||     6
 Invoke: Potion Petition   |       |       |     1 |     3 |     2 |     1 ||     7
  Evoke: Wand              |       |       |       |    13 |    12 |     1 ||    26
         Lightning rod     |       |       |       |       |     2 |       ||     2
         Phial of floods   |       |       |       |       |     1 |     1 ||     2
    Use: Scroll            |       |     5 |     3 |    17 |    12 |     4 ||    41
         Potion            |       |       |     1 |     6 |     3 |       ||    10
   Stab: Confused          |       |       |       |     2 |     3 |       ||     5
         Paralysed         |       |       |       |       |    72 |    29 ||   101
         Distracted        |       |       |       |       |     2 |       ||     2
         Sleeping          |       |       |       |       |     2 |       ||     2
 Armour: Robe              |    14 |     6 |    20 |    61 |    45 |       ||   146
         Troll leather arm |       |       |       |       |    68 |    61 ||   129
  Dodge: Dodged            |    34 |    13 |    40 |    94 |   223 |    81 ||   485
  Block: Buckler           |       |       |       |    26 |    72 |    17 ||   115

Table legend: (Time is in decaauts)
 A = Elapsed time spent in this place.
 B = Non-inter-level travel time spent in this place.
 C = Inter-level travel time spent in this place.
 D = Time resting spent in this place.
 E = Time spent auto-exploring this place.
 F = Levels seen in this place.
 G = Mean time per level.
                   A        B        C        D        E       F      G
               +--------+--------+--------+--------+--------+-----+--------+
         Total |  49883 |  48135 |   1748 |   7770 |  32516 |  30 | 1662.8 |
       Dungeon |  26477 |  25189 |   1288 |   2595 |  18965 |  15 | 1765.1 |
          Lair |  11558 |  11283 |    275 |   1522 |   8417 |   5 | 2311.6 |
         Swamp |   5184 |   5105 |     79 |   1954 |   2314 |   4 | 1296.0 |
  Orcish Mines |   3554 |   3449 |    105 |    565 |   2090 |   2 | 1777.0 |
         Sewer |    316 |    316 |      0 |    122 |     49 |   1 |  316.0 |
        Bailey |   1620 |   1620 |      0 |    695 |    429 |   1 | 1620.0 |
       Volcano |    237 |    237 |      0 |     25 |      0 |   1 |  237.0 |
      Gauntlet |    932 |    932 |      0 |    292 |    250 |   1 |  932.0 |
               +--------+--------+--------+--------+--------+-----+--------+

Top non-repeatable levels by time:
  Lair:5: 3713 daAuts
    D:11: 3234 daAuts
    D:14: 2883 daAuts
    D:10: 2680 daAuts
   Orc:2: 2642 daAuts
  Lair:1: 2500 daAuts
  Lair:4: 2241 daAuts
    D:13: 2102 daAuts
 Swamp:2: 2012 daAuts
     D:8: 1863 daAuts
    D:15: 1707 daAuts
 Swamp:1: 1664 daAuts
  Lair:3: 1663 daAuts
     D:3: 1633 daAuts
     D:9: 1632 daAuts
